 Dungeon Crawl Stone Soup version 0.21-a0-125-gb006224 (webtiles) character file.

131 namelastname112 the Conjurer (level 4, -3/33 HPs)
             Began as a Draconian Conjurer on July 15, 2017.
             Slain by a hobgoblin
             ... wielding a +0 club
             ... led by Robin
              (8 damage)
             ... on level 2 of the Dungeon.
             The game lasted 00:04:49 (2235 turns).

namelastname112 the Conjurer (Draconian Conjurer)   Turns: 2235, Time: 00:04:49

Health: -3/33      AC:  5    Str:  9 (10) XL:     4   Next: 91%
Magic:  1/9        EV: 12    Int: 13 (16) God:
Gold:   61         SH:  0    Dex: 11 (12) Spells: 7/10 levels left

rFire    . . .     SeeInvis .   m - +2 short sword (venom)
rCold    . . .     Gourm    .   (no shield)
rNeg     . . .     Faith    .   (armour unavailable)
rPois    .         Spirit   .   (helmet restricted)
rElec    .         Reflect  .   (no cloak)
rCorr    .         Harm     .   (no gloves)
MR       .....                  (no boots)
Stlth    ++........             (no amulet)
HPRegen  0.11/turn              (no ring)
MPRegen  0.11/turn              (no ring)

@: no status effects
A: unfitting armour, cold-blooded, AC +5
a: no special abilities


You were on level 2 of the Dungeon.
You were hungry.

You visited 1 branch of the dungeon, and saw 3 of its levels.

You collected 61 gold pieces.

Inventory:

Hand Weapons
 m - a +2 short sword of venom (weapon)
Scrolls
 d - 2 scrolls of identify {unknown}
 f - a scroll of magic mapping {unknown}
 h - 2 scrolls of teleportation {unknown}
 j - a scroll of amnesia {unknown}
 k - a scroll of random uselessness {unknown}
Potions
 e - a potion of heal wounds {unknown}
Books
 a - a book of Conjurations

   Spells                             Type                      Level
   a - Magic Dart                     Conjuration                  1
   b - Searing Ray                    Conjuration                  2
   c - Dazzling Spray                 Conjuration/Hexes            3
   d - Fulminant Prism                Conjuration/Hexes            4
   e - Force Lance                    Conjuration/Translocation    4
   f - Iskenderun's Mystic Blast      Conjuration                  4
 l - a book of Minor Magic

   Spells                             Type                      Level
   a - Magic Dart                     Conjuration                  1
   b - Blink                          Translocation                2
   c - Call Imp                       Summoning                    2
   d - Slow                           Hexes                        2
   e - Conjure Flame                  Conjuration/Fire             3
   f - Mephitic Cloud                 Conjuration/Poison/Air       3
Comestibles
 b - 2 bread rations
 c - 2 meat rations
 g - a royal jelly


   Skills:
 - Level 1.7 Dodging
 - Level 1.7 Stealth
 + Level 3.6 Spellcasting
 + Level 5.2 Conjurations


You had 7 spell levels left.
You knew the following spells:

 Your Spells              Type           Power        Failure   Level  Hunger
x - Searing Ray           Conj           ###...       3%          2    ##.....
z - Magic Dart            Conj           ###.         2%          1    #......


Dungeon Overview and Level Annotations

Branches:
Dungeon (3/15)

Altars:
Fedhas

Annotations:
D:3 Robin


Innate Abilities, Weirdness & Mutations

Your plain brown scales are hard. (AC +5)
You cannot fit into any form of body armour.
You are cold-blooded and may be slowed by cold attacks.


Message History

* * * LOW HITPOINT WARNING * * *
You take 8 damage, and have 5/33 hp.
MASSIVE DAMAGE!!
You now have 3/9 mp.
Casting: Magic Dart
Confirm with . or Enter, or press ? or * to list all spells.
Aiming: Magic Dart
Press: ? - help, Shift-Dir - straight line, f/p - hobgoblin
Aim: a hobgoblin, wielding a club (unusually strong)
The magic dart hits the hobgoblin.
The hobgoblin is heavily wounded.
The hobgoblin closely misses you.
You now have 2/9 mp.
Casting: Magic Dart
Confirm with . or Enter, or press ? or * to list all spells.
Aiming: Magic Dart
Press: ? - help, Shift-Dir - straight line, f/p - hobgoblin
Aim: a hobgoblin, wielding a club (heavily wounded, unusually strong)
The magic dart hits the hobgoblin.
The hobgoblin is almost dead.
The hobgoblin hits you with a club!
You die...

##.########.##### #.#
#.# #.# ##'## #.#
##...## ##.# ##.....##
#######..## ##.......##
#.........###.........#
#.###.†.....'.........'
#.# #)@)..###.).......#
#.# #.#g#.# ##.......##
#.# #.###.# ##.....##.
#.###.###.# ##...###.
#.........# ##+## #.
#####.##### #.# ## #.#
#.# #.# ##.##
#.##########...##


You could see a hobgoblin.

Vanquished Creatures
  An orc wizard (D:3)
  3 adders (D:2)
  An ooze (D:2)
  2 worms (D:2)
  A dart slug (D:1)
  3 orcs (D:3)
  6 bats
  12 goblins
  7 hobgoblins
  3 jackals (D:2)
  7 kobolds
  2 quokkas (D:2)
  3 frilled lizards
  5 rats
56 creatures vanquished.

Notes
Turn   | Place    | Note
-------+----------+-------------------------------------------
     0 | D:1      | namelastname112 the Draconian Conjurer began the quest for the Orb.
     0 | D:1      | Reached XP level 1. HP: 14/14 MP: 3/3
   343 | D:1      | Reached XP level 2. HP: 19/20 MP: 1/5
   752 | D:1      | Learned a level 2 spell: Searing Ray
   839 | D:2      | Found a blossoming altar of Fedhas.
   923 | D:2      | Reached XP level 3. HP: 26/26 MP: 3/6
  1609 | D:2      | Reached XP level 4. HP: 33/33 MP: 3/8
  1739 | D:2      | Reached skill level 5 in Conjurations
  1891 | D:3      | HP: 1/49 [orc wizard/dagger (2)]
  2125 | D:3      | Noticed Robin
  2235 | D:2      | Slain by a hobgoblin

Vault maps used:
D:1:      sevenhm_arrival_forest_fort_large_3, wad_floor_pattern_1,
          serial_bayou_pond_e, minmay_misc_feat_encased, minmay_tromino_v4_a
D:2:      overflow_temple_1_default, first_bread
D:3:      lemuel_round_altar, uniq_robin, uniq_jessica, uniq_terence

Skill      XL: |  1  2  3  4 |
---------------+-------------+-----
Spellcasting   | 3 |  3.6
Conjurations   | 5 |  5.2
Dodging        | |  1.7
Stealth        | |  1.7

Action                   |  1- 3 |  4- 6 || total
-------------------------+-------+-------++-------
Melee: Unarmed           |    10 |       ||    10
       Tailslap          |     1 |     4 ||     5
       Dagger            |    17 |       ||    17
       Short sword       |     1 |    24 ||    25
 Cast: Magic Dart        |    67 |    43 ||   110
  Use: Potion            |       |     3 ||     3
  Eat: Chunk             |     2 |     2 ||     4
Armor: Skin              |    19 |    18 ||    37
Dodge: Dodged            |    33 |    31 ||    64
